 Dungeon Crawl Stone Soup version 0.32-a0-859-gb0a091d592 (webtiles) character file.

Game seed: 4881960781268439833

5121 Arzdou the Fighter (level 10, -9/94 HPs)
             Began as a Mountain Dwarf Cinder Acolyte on Mar 27, 2024.
             Was a High Priest of Ignis.
             Mangled by a two-headed ogre
             ... wielding a +0 giant spiked club
              (18 damage)
             ... on level 8 of the Dungeon.
             The game lasted 00:21:23 (9723 turns).

Arzdou the Fighter (Mountain Dwarf Cinder Acolyte)  Turns: 9723, Time: 00:21:26

Health: -9/94      AC: 13    Str: 21    XL:     10   Next: 32%
Magic:  21/26      EV: -1    Int: 15    God:    Ignis [*****.]
Gold:   539        SH:  0    Dex:  5    Spells: 17/19 levels left

rFire   + + .        a - +0 war axe
rCold   x . .        (no shield)
rNeg    . . .        q - +0 scale mail
rPois   .            r - +0 helmet
rElec   .            J - scarf {repulsion}
rCorr   .            w - +2 pair of gloves
SInv    .            t - +0 pair of boots
Will    +....        v - amulet of regeneration
Stlth   x              - ring of fire
HPRegen 1.15/turn    G - ring of magical power
MPRegen 0.20/turn

%: repel missiles
@: about to teleport, constricted
A: runic magic, artefact enchanting
a: Renounce Religion, Fiery Armour, Foxfire Swarm, Rising Flame


You were on level 8 of the Dungeon.
You worshipped Ignis.
Ignis was extremely pleased with you.
You visited 2 branches of the dungeon, and saw 9 of its levels.
You also visited: Bailey.

You collected 539 gold pieces.

Inventory:

Hand Weapons
 a - a +0 war axe (weapon)
 b - the +7 orcbow "Giagotocw" {elec, rPois rF++ Str+3 Stlth+}
   (You took it off an orc warrior in a bailey)

   Str+3:     It affects your strength (+3).
   rF++:      It greatly protects you from fire.
   rPois:     It protects you from poison.
   Stlth+:    It makes you more stealthy.
 e - a -1 hand axe of flaming
 y - a +2 whip of electrocution
 F - the +4 long sword of Breach {vamp, rPois rF++}
   (You found it on level 5 of the Dungeon)

   rF++:      It greatly protects you from fire.
   rPois:     It protects you from poison.
Missiles
 p - 4 silver javelins
 M - a throwing net
Armour
 l - a +0 leather armour
 n - a +0 robe of fire resistance
 q - a +0 scale mail (worn)
 r - a +0 helmet (worn)
 t - a +0 pair of boots (worn)
 w - a +2 pair of gloves (worn)
 J - a scarf of repulsion (worn)
 L - a +0 robe
Jewellery
 v - an amulet of regeneration (around neck)
 x - a ring of fire (left hand)
 G - a ring of magical power (right hand)
Wands
 m - a wand of flame (14)
 D - a wand of digging (7)
 R - a wand of light (14)
Scrolls
 d - a scroll of fear
 h - 2 scrolls of noise
 s - 3 scrolls of teleportation
 u - a scroll of vulnerability {unknown}
 z - 3 scrolls of enchant weapon
 A - a scroll of fog
 B - a scroll of acquirement {unknown}
 H - 3 scrolls of amnesia
 O - a scroll of enchant armour {unknown}
 P - a scroll of immolation
 Q - a scroll of identify
Potions
 c - 3 potions of heal wounds {unknown}
 f - 4 potions of curing {unknown}
 g - 2 potions of haste {unknown}
 i - a potion of ambrosia {unknown}
 k - 2 potions of experience
 o - a potion of magic {unknown}
 C - 2 potions of mutation {unknown}
 E - 2 potions of resistance {unknown}
 I - 2 potions of enlightenment {unknown}
 K - a potion of degeneration {unknown}
 N - a potion of might {unknown}


   Skills:
 - Level 10.9 Fighting
 - Level 10.2 Axes
 + Level 0.0 Ranged Weapons
 + Level 6.0 Armour
 - Level 5.0 Spellcasting
 - Level 6.0 Fire Magic


You had 17 spell levels left.
You knew the following spells:

 Your Spells              Type           Power      Damage    Failure   Level
a - Scorch                Fire           64%        2d7       2%          2

Your spell library contained the following spells:

 Spells                   Type           Power      Damage    Failure   Level
 Slow                     Hex            12%        N/A       21%         1
 Confusing Touch          Hex            3%         N/A       52%         3
 Frozen Ramparts          Ice            6%         1d1       52%         3
 Ozocubu's Armour         Ice            3%         N/A       52%         3
 Vampiric Draining        Necr           3%         2d6       52%         3
 Metabolic Englaciation   Hex/Ice        1%         N/A       99%         5


Dungeon Overview and Level Annotations

Branches:
Dungeon (8/15)             Temple (1/1) D:6          Bailey (visited)
   Lair: D:8-11

Altars:
Ashenzari
Cheibriados
Dithmenos
Elyvilon
Fedhas
Gozag
Hepliaklqana
Kikubaaqudgha
Makhleb
Qazlal
Ru
Sif Muna
Trog
Wu Jian
Xom
Yredelemnul
Zin
The Shining One

Annotations:
D:8 Erica


Innate Abilities, Weirdness & Mutations

Your spellcasting is much less encumbered by armour.
You can use scrolls of enchantment on lesser artefacts.


Message History

Erica screams, "Your blood will spurt and your skin will burst!"
Erica mumbles some strange words.
Erica flickers and vanishes!
Deactivating autopickup; reactivate with Ctrl-A.
You shoot an arrow. The arrow hits the two-headed ogre!
The two-headed ogre is moderately wounded.
You shoot an arrow.
The arrow barely misses the two-headed ogre.
Unknown command.
The +7 orcbow "Giagotocw" {elec, rPois rF++ Str+3 Stlth+} stops crackling.
a - a +0 war axe (weapon)
The two-headed ogre hits you with a +0 giant spiked club!
The two-headed ogre barely misses you.
You feel a surge of power!
Flames lash the two-headed ogre.
The two-headed ogre is heavily wounded.
The two-headed ogre's fire resistance burns away.
You feel a surge of power!
Flames lash something.
The two-headed ogre hits you with a +0 giant spiked club!
The two-headed ogre hits you with a +0 giant club!!
Something hits you.
You feel a surge of power!
Flames lash something.
The two-headed ogre hits you with a +0 giant spiked club!!
The two-headed ogre barely misses you. Something hits you but does no damage.
You are too injured to fight recklessly!
As you read the scroll of revelation, it crumbles to dust.
You feel momentarily disoriented.
Erica hits you with a +2 scimitar of flaming!
* * * LOW HITPOINT WARNING * * *
Erica burns you.
* * * LOW HITPOINT WARNING * * *
Erica grabs you. Erica constricts you.
* * * LOW HITPOINT WARNING * * *
Found 5 stones.
As you read the scroll of teleportation, it crumbles to dust.
You feel strangely unstable.
The two-headed ogre hits you with a +0 giant spiked club!
* * * LOW HITPOINT WARNING * * *
The two-headed ogre hits you with a +0 giant club!!
You die...
Ignis goes out, and joins you in death.

.....................,,,,,*
.....##.#####.###>......,,*
........#####.#####.#...***
.....######...#####.#...*
......#####.#.#####.##.#*
#..##............[...#.#
####*#.##......##....#.#
*.###....###....#.# *
*..*##..###@O.###.# *
*,..######....###.# *
*,,,.####^........#
*,,,.####....###..# *
*,,,######...###.## *
*,,*##..###..###.## *
*,**#.(..###..##.##
*,**......##..##.##
******,,,,,,,,,,,,,,,,*


You could see a two-headed ogre (combustible).

Vanquished Creatures
  A two-headed ogre (D:8)
  An orc knight (Bailey)
  Jeremiah (D:8)
  Psyche (D:8)
  Grinder (D:3)
  A wyvern (D:8)
  Duvessa (D:7)
  10 orc warriors (Bailey)
  A water moccasin (D:5)
  3 sky beasts
  2 ice beasts
  2 ogres (D:5)
  2 kobold brigands
  A bullfrog (D:8)
  2 scorpions (D:6)
  A gnoll sergeant (D:7)
  Dowan (D:7)
  A bombardier beetle (D:2)
  4 hounds
  2 orc priests (D:6)
  A jelly (D:4)
  Jessica (D:2)
  5 iguanas
  6 orc wizards
  Robin (D:2)
  9 adders
  21 gnolls
  A dart slug (D:4)
  4 ribbon worms
  19 orcs
  6 ball pythons
  3 bats
  4 endoplasms
  A giant cockroach (D:2)
  29 goblins
  20 hobgoblins
  3 jackals
  17 kobolds
  2 quokkas
  10 frilled lizards
  8 rats
210 creatures vanquished.

Vanquished Creatures (collateral kills)
  A centaur (D:8)
1 creature vanquished.

Vanquished Creatures (others)
  2 orc warriors (Bailey)
  An orc (Bailey)
3 creatures vanquished.

Grand Total: 214 creatures vanquished

Notes
Turn   | Place    | Note
-------+----------+-------------------------------------------
     0 | D:1      | Arzdou the Mountain Dwarf Cinder Acolyte began the quest
                  | for the Orb.
     0 | D:1      | Reached XP level 1. HP: 19/19 MP: 2/2
   351 | D:1      | Reached XP level 2. HP: 21/26 MP: 3/3
   607 | D:1      | Learned a level 2 spell: Scorch
  1175 | D:2      | Noticed Jessica
  1256 | D:2      | Killed Jessica
  1257 | D:2      | Reached XP level 3. HP: 29/31 MP: 1/4
  1309 | D:2      | Found a faded altar of an unknown god.
  1514 | D:2      | Reached skill level 5 in Axes
  1514 | D:2      | Reached skill level 5 in Fire Magic
  1514 | D:2      | Reached XP level 4. HP: 33/38 MP: 0/5
  1839 | D:2      | Noticed Robin
  1867 | D:2      | Killed Robin
  2620 | D:3      | Found an ornate altar of the Wu Jian Council.
  2708 | D:3      | Found a snail-covered altar of Cheibriados.
  2885 | D:3      | Reached XP level 5. HP: 45/45 MP: 1/6
  3375 | D:3      | Noticed Grinder
  3379 | D:3      | Paralysed by Grinder for 5 turns
  3393 | D:3      | Paralysed by Grinder for 3 turns
  3404 | D:3      | Paralysed by Grinder for 4 turns
  3409 | D:3      | Killed Grinder
  3410 | D:3      | Reached XP level 6. HP: 35/51 MP: 0/7
  3899 | D:4      | You fall into a shaft and drop 2 floors!
  3998 | D:5      | Entered Level 5 of the Dungeon
  4224 | D:5      | Reached XP level 7. HP: 57/57 MP: 1/10
  4546 | D:5      | Identified the +4 long sword of Breach {vamp, rPois rF++}
  4907 | D:5      | Reached XP level 8. HP: 30/63 MP: 8/13
  6077 | D:4      | Reached skill level 10 in Axes
  6408 | D:6      | Reached skill level 5 in Spellcasting
  6599 | D:6      | Found a staircase to the Ecumenical Temple.
  6605 | Temple   | Entered the Ecumenical Temple
  7415 | D:7      | Found a sacrificial altar of Ru.
  7594 | D:7      | Reached skill level 5 in Fighting
  7823 | D:7      | Reached XP level 9. HP: 73/75 MP: 6/16
  7935 | D:7      | Found a stormy altar of Qazlal.
  8308 | D:7      | Noticed Duvessa
  8322 | D:7      | Killed Duvessa
  8370 | D:7      | Noticed Dowan
  8375 | D:7      | Killed Dowan
  8479 | D:8      | Noticed Psyche
  8502 | D:8      | Killed Psyche
  8505 | D:8      | Noticed a two-headed ogre
  8518 | D:8      | HP: 3/82 [two-headed ogre/+0 giant spiked club (5)]
  8528 | D:8      | Killed a two-headed ogre
  8529 | D:8      | Reached skill level 10 in Fighting
  8596 | D:8      | Noticed Jeremiah
  8625 | D:8      | Found a flagged portal.
  8634 | Bailey   | Entered a bailey
  8921 | Bailey   | HP: 4/86 [orc warrior/+0 war axe (15)]
  9089 | Bailey   | Reached skill level 1 in Armour
  9127 | Bailey   | Noticed an orc knight
  9150 | Bailey   | Reached XP level 10. HP: 73/94 MP: 17/17
  9161 | Bailey   | Killed an orc knight
  9430 | Bailey   | Identified the +7 orcbow "Giagotocw" {elec, rPois rF++
                  | Str+3 Stlth+}
  9442 | Bailey   | Reached skill level 5 in Armour
  9476 | Bailey   | Noticed an orc warlord
  9652 | D:8      | Killed Jeremiah
  9715 | D:8      | Noticed Erica
  9715 | D:8      | Noticed a two-headed ogre
  9723 | D:8      | Mangled by a two-headed ogre

Illustrated notes

Levels and vault maps discovered:
D:1:      arrival_zaba_pyramid, layout_basic, lexackson_kobold_supper
D:2:      layout_basic, hellmonk_ecumenical_altar_crossroads, uniq_jessica,
          uniq_robin
D:3:      layout_basic, mainiacjoe_overflow_brackets, nzn_wu_jian_contemplation,
          guppyfry_early_orc_mine, uniq_grinder
D:4:      layout_cave_pools
D:5:      layout_cave_pools, portal_sewer_entry_d, serial_bayou,
          serial_bayou_lake_a, serial_bayou_pond_d, serial_bayou_shore_a,
          dreamdust_gnoll_farm
D:6:      layout_rooms, minmay_temple_entry_fiery
D:7:      layout_loops_cross, nicolae_qazlal_eye_of_the_storm,
          nicolae_ru_great_annihilating_truth, uniq_duvessa
D:8:      layout_loops_ring, nicolae_overflow_hidden_temple, enter_bailey_2,
          minmay_holes, minivault_19, uniq_prince_ribbit1, uniq_psyche,
          uniq_erica, uniq_jeremiah
Temple:   minmay_temple_curvy_branch

Skill      XL: |  1  2  3  4  5  6  7  8  9 10 |
---------------+-------------------------------+-----
Axes           | 4 5 7 9 10 | 10.2
Fire Magic     | 4 5 6 |  6.0
Spellcasting   | 2 3 5 |  5.0
Fighting       | 6 10 | 10.9
Armour         | 1 6 |  6.0

Action                     |  1- 3 |  4- 6 |  7- 9 | 10-12 || total
---------------------------+-------+-------+-------+-------++-------
  Melee: Hand axe          |    77 |   159 |   135 |       ||   371
         War axe           |       |       |    31 |    17 ||    48
   Fire: Orcbow            |       |       |       |     8 ||     8
   Cast: Scorch            |     7 |    48 |   169 |    37 ||   261
 Invoke: Fiery Armour      |       |       |     1 |       ||     1
  Evoke: Wand              |       |       |    11 |    13 ||    24
    Use: Scroll            |       |     5 |    10 |     3 ||    18
 Armour: Robe              |    45 |     6 |       |       ||    51
         Leather armour    |     3 |       |       |       ||     3
         Scale mail        |       |   157 |   218 |    40 ||   415
         Skin              |       |       |    25 |       ||    25
  Dodge: Dodged            |    56 |    84 |    91 |    14 ||   245
         Repelled          |       |       |     4 |     1 ||     5

Table legend: (Time is in decaauts)
 A = Elapsed time spent in this place.
 B = Non-inter-level travel time spent in this place.
 C = Inter-level travel time spent in this place.
 D = Time resting spent in this place.
 E = Time spent auto-exploring this place.
 F = Levels seen in this place.
 G = Mean time per level.
                   A        B        C        D        E       F      G
               +--------+--------+--------+--------+--------+-----+--------+
         Total |   9763 |   9504 |    259 |   1038 |   6483 |  10 |  976.3 |
       Dungeon |   8776 |   8517 |    259 |    826 |   6105 |   8 | 1097.0 |
        Temple |      1 |      1 |      0 |      0 |      0 |   1 |    1.0 |
        Bailey |    985 |    985 |      0 |    212 |    378 |   1 |  985.0 |
               +--------+--------+--------+--------+--------+-----+--------+

Top non-repeatable levels by time:
     D:6: 1653 daAuts
     D:2: 1346 daAuts
     D:1: 1263 daAuts
     D:7: 1085 daAuts
     D:5: 1074 daAuts
     D:3: 1067 daAuts
     D:4: 1067 daAuts
  Bailey: 985 daAuts
     D:8: 219 daAuts
  Temple: 1 daAuts
